 Dungeon Crawl Stone Soup version 0.27-a0-909-g0721f309d1 (webtiles) character file.

Game seed: 1398880780961336462

688975 Froggeryz the Cryomancer (level 27, -18/240 HPs)
             Began as a Demigod Ice Elementalist on Apr 7, 2021.
             Demolished by a reaper
             ... wielding a +2 scythe of protection
              (30 damage)
             ... in the Vestibule of Hell on Apr 8, 2021.
             The game lasted 04:02:56 (97692 turns).

Froggeryz the Cryomancer (DgIE)                    Turns: 97692, Time: 04:02:57

Health: -18/240    AC: 32    Str: 26    XL:     27
Magic:  30/56      EV: 16    Int: 45    God:
Gold:   2565       SH: 17    Dex: 27    Spells: 11/54 levels left

rFire    + + .     SeeInvis .   M - +9 broad axe (vorpal)
rCold    + + .     Faith    .   Y - +1 kite shield {rPois}
rNeg     + . .     Spirit   .   z - +10 pearl dragon scales
rPois    +         Reflect  .   (helmet restricted)
rElec    .         Harm     .   t - scarf {rC+ rF+}
rCorr    .         Rampage  .   r - +2 pair of gloves {Str+3}
Will     +++++                  P - +2 pair of boots of the Shining Light {rC+ Int+2 Dex+3}
Stlth    +++.......             L - amulet of Qykovug {RegenMP Dex+3}
HPRegen  1.50/turn              N - ring of the Mage {Wiz Will++ Int+3}
MPRegen  0.60/turn              D - ring of Cuke {rF+ Will+ MP+9 Int+3 Dex+3}

@: no status effects
A: high mp 1, forlorn, antennae 1, talons 1, agile 2, mutation resistance 1,
regeneration 1, weak 1, no potion heal 1, sturdy frame 1
}: 3/15 runes: serpentine, barnacled, silver
a: no special abilities


You were in the Vestibule of Hell.
You visited 11 branches of the dungeon, and saw 52 of its levels.
You visited 1 bazaar.
You also visited: Sewer, Gauntlet, Ice Cave and Volcano.

You collected 9717 gold pieces.
You spent 7152 gold pieces at shops.

Inventory:

Hand Weapons
 M - a +9 vorpal broad axe (weapon)
 Z - a +9 broad axe of flaming
Missiles
 F - 9 curare-tipped darts (quivered)
Armour
 r - a +2 pair of gloves of strength (worn)
 t - a scarf of resistance (worn)
 v - the -2 cloak of Beskeec {-Tele rN+ rCorr}
   (You bought it in a shop on level 3 of the Snake Pit)

   It protects you from negative energy.
   It prevents most forms of teleportation.
   It protects you from acid and corrosion.
 z - +10 pearl dragon scales (worn)
 P - the +2 pair of boots of the Shining Light (worn) {rC+ Int+2 Dex+3}
   (You acquired it on level 5 of the Realm of Zot)

   It affects your intelligence (+2).
   It affects your dexterity (+3).
   It protects you from cold.
 Y - a +1 kite shield of poison resistance (worn)
Magical Staves
 f - a staff of cold
 k - a staff of earth
 I - a staff of death
Jewellery
 c - the ring of Fyan {Will+ AC+4 Dex+3}
   (You found it on level 3 of the Elven Halls)

   [ring of protection]

   It affects your AC (+4).
   It affects your dexterity (+3).
   It increases your willpower.
 d - the amulet "Nyuck" {Regen+ Dex+4}
   (You took it off a spriggan air mage on level 3 of the Depths)

   [amulet of regeneration]

   It affects your dexterity (+4).
   It increases your rate of health regeneration.
 A - the ring of Rubraff {rN+ Will+ EV+4}
   (You found it on level 3 of the Elven Halls)

   [ring of evasion]

   It affects your evasion (+4).
   It protects you from negative energy.
   It increases your willpower.
 C - an amulet of reflection
 D - the ring of Cuke (right hand) {rF+ Will+ MP+9 Int+3 Dex+3}
   (You found it on level 7 of the Dungeon)

   [ring of magical power]

   It affects your intelligence (+3).
   It affects your dexterity (+3).
   It protects you from fire.
   It affects your magic capacity (+9).
   It increases your willpower.
 H - a ring of protection from fire
 L - the amulet of Qykovug (around neck) {RegenMP Dex+3}
   (You found it in an ice cave)

   [amulet of magic regeneration]

   It increases your rate of magic regeneration.
   It affects your dexterity (+3).
 N - the ring of the Mage (left hand) {Wiz Will++ Int+3}
   (You bought it in a shop in a bazaar)

   [ring of wizardry]

   It improves your spell success rate.
   It affects your intelligence (+3).
   It greatly increases your willpower.
 U - a ring of protection from cold
 W - the ring "Veudghod" {Fly rN+ Int+4}
   (You found it on level 3 of the Elven Halls)

   [ring of positive energy]

   It affects your intelligence (+4).
   It protects you from negative energy.
   It grants you flight.
Wands
 i - a wand of iceblast (48)
 n - a wand of digging (27)
 w - a wand of flame (128)
 y - a wand of mindburst (2)
Scrolls
 a - 2 scrolls of summoning
 e - 9 scrolls of noise
 m - a scroll of blinking
 o - 8 scrolls of enchant weapon
 p - 6 scrolls of magic mapping
 q - 12 scrolls of fear
 s - 7 scrolls of fog
 u - 18 scrolls of teleportation
 x - 7 scrolls of immolation
 E - 2 scrolls of holy word
 O - 13 scrolls of amnesia
Potions
 g - 33 potions of curing
 h - 5 potions of heal wounds
 l - 4 potions of might
 B - a potion of haste
 G - 2 potions of magic
 J - 2 potions of mutation
 K - 3 potions of invisibility
 Q - 4 potions of cancellation
 R - 8 potions of ambrosia
 S - 4 potions of brilliance
 V - 5 potions of flight
 X - 2 potions of resistance
Miscellaneous
 T - a condenser vane


   Skills:
 + Level 18.7 Fighting
 - Level 19.0 Axes
 - Level 2.2(14.0) Maces & Flails
 - Level 9.0(9.1) Staves
 - Level 11.0 Armour
 - Level 6.0 Dodging
 - Level 7.1 Stealth
 - Level 15.1 Shields
 - Level 14.0 Spellcasting
 + Level 9.4 Necromancy
 + Level 10.7 Transmutations
 - Level 26.0 Ice Magic
 - Level 10.0 Earth Magic
 - Level 5.0 Evocations


You had 11 spell levels left.
You knew the following spells:

 Your Spells              Type           Power      Damage    Failure   Level
a - Statue Form           Tmut/Erth      60%        N/A       1%          6
b - Frozen Ramparts       Ice            100%       1d12      0%          3
c - Ozocubu's Armour      Ice            100%       N/A       0%          3
d - Ozocubu's Refrigerat  Ice            66%        4d18      1%          7
e - Dispel Undead         Necr           86%        3d28      1%          4
f - Blink                 Tloc           N/A        N/A       1%          2
g - Apportation           Tloc           62%        N/A       1%          1
h - Absolute Zero         Ice            66%        ∞         1%          9
i - Necromutation         Tmut/Necr      44%        N/A       50%         8

Your spell library contained the following spells:

 Spells                   Type           Power      Damage    Failure   Level
 Freeze                   Ice            100%       1d11      0%          1
 Ensorcelled Hibernation  Hex/Ice        100%       N/A       0%          2
 Ice Form                 Ice/Tmut       100%       N/A       0%          4
 Animate Skeleton         Necr           100%       N/A       1%          1
 Corona                   Hex            34%        N/A       1%          1
 Foxfire                  Conj/Fire      100%       2x1d9     1%          1
 Magic Dart               Conj           100%       1d8       1%          1
 Pain                     Necr           100%       1d9       1%          1
 Shock                    Conj/Air       100%       1d9       1%          1
 Sting                    Tmut/Pois      100%       1d8       1%          1
 Summon Small Mammal      Summ           100%       N/A       1%          1
 Call Imp                 Summ           31%        N/A       1%          2
 Corpse Rot               Necr/Air       N/A        N/A       1%          2
 Poisonous Vapours        Pois/Air       62%        N/A       1%          2
 Searing Ray              Conj           62%        3d5       1%          2
 Slow                     Hex            31%        N/A       1%          2
 Sublimation of Blood     Necr           43%        N/A       1%          2
 Swiftness                Air            31%        N/A       1%          2
 Call Canine Familiar     Summ           31%        N/A       1%          3
 Confusing Touch          Hex            31%        N/A       1%          3
 Conjure Flame            Conj/Fire      31%        6-21      1%          3
 Dazzling Flash           Conj/Hex       62%        N/A       1%          3
 Gell's Gravitas          Tloc           15%        N/A       1%          3
 Ignite Poison            Fire/Tmut/Pois 59%        N/A       1%          3
 Inner Flame              Hex/Fire       31%        N/A       1%          3
 Lesser Beckoning         Tloc           15%        N/A       1%          3
 Mephitic Cloud           Conj/Pois/Air  31%        N/A       1%          3
 Portal Projectile        Hex/Tloc       62%        N/A       1%          3
 Static Discharge         Conj/Air       31%        N/A       1%          3
 Summon Guardian Golem    Hex/Summ       31%        N/A       1%          3
 Teleport Other           Tloc           31%        N/A       1%          3
 Tukima's Dance           Hex            31%        N/A       1%          3
 Vampiric Draining        Necr           43%        2d12      1%          3
 Animate Dead             Necr           43%        N/A       1%          4
 Hailstorm                Conj/Ice       99%        3d19      1%          4
 Leda's Liquefaction      Hex/Erth       33%        N/A       1%          4
 Petrify                  Tmut/Erth      90%        N/A       1%          4
 Summon Ice Beast         Ice/Summ       99%        N/A       1%          4
 Agony                    Necr           86%        N/A       1%          5
 Borgnjor's Vile Clutch   Necr/Erth      43%        N/A       1%          5
 Excruciating Wounds      Necr           43%        N/A       1%          5
 Irradiate                Conj/Tmut      34%        3d25      1%          5
 Metabolic Englaciation   Hex/Ice        49%        N/A       1%          5
 Yara's Violent Unravell  Hex/Tmut       34%        3d14      1%          5
 Blade Hands              Tmut           45%        N/A       1%          6
 Death Channel            Necr           43%        N/A       1%          6
 Simulacrum               Ice/Necr       56%        N/A       1%          6
 Freezing Cloud           Conj/Ice/Air   41%        6-21      2%          6
 Bolt of Magma            Conj/Fire/Erth 28%        4d13      4%          5
 Airstrike                Air            15%        N/A       6%          4
 Cause Fear               Hex            15%        N/A       6%          4
 Fulminant Prism          Conj/Hex       15%        3d11      6%          4
 Iskenderun's Mystic Bla  Conj/Tloc      31%        2d8       6%          4
 Olgreb's Toxic Radiance  Pois           31%        N/A       6%          4
 Sticky Flame             Conj/Fire      31%        2d5       6%          4
 Summon Lightning Spire   Summ/Air       31%        N/A       6%          4
 Dragon Form              Tmut           45%        N/A       6%          7
 Eringya's Noxious Bog    Tmut/Pois      34%        N/A       10%         6
 Iron Shot                Conj/Erth      33%        9d7       11%         6
 Fireball                 Conj/Fire      15%        3d8       16%         5
 Iskenderun's Battlesphe  Conj           31%        2d8       16%         5
 Lightning Bolt           Conj/Air       15%        1d29      16%         5
 Manifold Assault         Tloc           31%        N/A       16%         5
 Silence                  Hex/Air        15%        N/A       16%         5
 Haunt                    Necr/Summ      32%        N/A       52%         7
 Borgnjor's Revivificati  Necr           43%        N/A       58%         8
 Infestation              Necr           43%        N/A       58%         8
 Conjure Ball Lightning   Conj/Air       15%        3x3d6     61%         6
 Malign Gateway           Summ/Tloc      15%        N/A       98%         7
 Monstrous Menagerie      Summ           15%        N/A       98%         7
 Orb of Destruction       Conj           15%        9d7       98%         7
 Spellforged Servitor     Conj/Summ      15%        N/A       98%         7
 Lehudib's Crystal Spear  Conj/Erth      33%        10d8      98%         8
 Chain Lightning          Conj/Air       15%        N/A       100%        8
 Discord                  Hex            15%        N/A       100%        8
 Disjunction              Tloc           15%        N/A       100%        8
 Ignition                 Fire           15%        3d6       100%        8
 Summon Horrible Things   Summ           15%        N/A       100%        8
 Death's Door             Necr           43%        N/A       100%        9
 Fire Storm               Conj/Fire      15%        8d4       100%        9
 Shatter                  Erth           44%        3d34*     100%        9
 Tornado                  Air            15%        N/A       100%        9


Dungeon Overview and Level Annotations

Branches:
Dungeon (15/15)            Temple (0/1) D:7            Lair (6/6) D:9
 Shoals (4/4) Lair:2        Snake (4/4) Lair:4        Slime (0/5) Lair:6
    Orc (2/2) D:11            Elf (3/3) Orc:2        Vaults (5/5) D:13
  Crypt (2/3) Vaults:3     Depths (5/5) D:15           Hell (1/1)
    Zot (5/5) Depths:5      Sewer (visited)           IceCv (visited)
Volcano (visited)         Gauntlet (visited)
    Dis: Hell:1         Geh: Hell:1         Coc: Hell:1         Tar: Hell:1

Shops:
D:4 :   D:10 (   Orc:2 **[[   Elf:2 ?   Shoals:2 [=*[   Shoals:3 !
Shoals:4 ?!(   Snake:3 =[*[   Vaults:2 :   Vaults:3 *   Depths:1 :=:
Depths:3 *

Portals:
Hell: Depths:1 Depths:2 Depths:3 Depths:4 Depths:5
Abyss: Shoals:2 Depths:3 Depths:4
Pandemonium: Depths:3 Depths:4
Ziggurat: Depths:3
Trove: D:11 (give +3 gold dragon scales)

Annotations:
Lair:6 1 runed translucent door
Shoals:2 2 transporters, Aduepsicimn's ghost, adept FoFi
Elf:2 5 runed translucent doors
Elf:3 1 runed translucent door, Naunuok's ghost, journeyman DEIE
Vaults:4 exclusion: 2 doors
Depths:3 3 runed translucent doors, Ongus's ghost, veteran TrEE


Innate Abilities, Weirdness & Mutations

Your attributes grow dramatically as you level up.
You have an increased reservoir of magic. (+10% MP)
You shall have no god before yourself.
You have a pair of small antennae on your head.
You have sharp toenails.
You are very agile. (Dex +4)
You are somewhat resistant to further mutation.
Your natural rate of healing is unusually fast.
You are weak. (Str -2)
Potions are less effective at restoring your health.
Your movements are slightly less encumbered by armour. (ER -2)


Message History

The heat melts your icy armour.
Unknown command.
Unknown command.
Casting: Ozocubu's Armour (safe; 0% risk of failure)
Confirm with . or Enter, or press ? or * to list all spells.
Your icy armour will break if you move.
Continue?
You blink.
Your icy armour cracks and falls away as you move.
The molten gargoyle blasts magma at you!
The bolt of magma hits you! You partially resist.
* * * LOW HITPOINT WARNING * * *
Something hits you!
* * * LOW HITPOINT WARNING * * *
Deactivating autopickup; reactivate with Ctrl-A.
The smoke demon gestures at you. The ball of steam hits you! You resist.
* * * LOW HITPOINT WARNING * * *
The molten gargoyle blasts magma at you!
The bolt of magma hits the molten gargoyle!
The molten gargoyle partially resists.
The bolt of magma misses you.
Unknown command.
Unknown command.
You cannot drink potions in your current state!
Blink to where?
Press: ? - help, Dir - move target
As you read the scroll of blinking, it crumbles to dust.
You can drink potions again.
You block the reaper's attack.
Unknown command.
The ancient champion is engulfed in a cloud of scalding steam.
The reaper smiles without lips.
The reaper hits you from afar with a +2 scythe of protection!!
* * * LOW HITPOINT WARNING * * *
The ancient champion casts a spell.
The ancient champion seems to speed up.
The reaper misses you. The smoke demon gestures at you. Something smites you!
* * * LOW HITPOINT WARNING * * *
The reaper hits you from afar with a +2 scythe of protection!!
You die...

...............
..................
..................
..................
..................
..................
......∩...........
..[...∩.@..........
..........2........
.....).†ZZ..}......
≈.....).....Z..........
.........34zz.Z....)...
..........z.94...).....
...........)...........
.........3)∩.........4.
...........))..........


You could see a reaper, 3 ancient champions, an ice devil, a rust devil, 2 smoke
demons, a molten gargoyle, a seven-headed hydra simulacrum, a three-headed hydra
simulacrum and 2 alligator zombies.

Vanquished Creatures
  3 dread liches
  5 ancient liches
  4 orbs of fire
  Mara (Vaults:3)
  A juggernaut (Depths:2)
  2 Killer Klowns (Zot:5)
  Margery (Crypt:2)
  2 caustic shrikes
  2 curse toes (Zot:3)
  Xtahua (Crypt:2)
  10 golden dragons
  Geryon (Hell)
  A bone dragon (Depths:5)
  2 electric golems (Zot:5)
  Rupert (Vaults:2)
  21 tentacled monstrosities
  8 liches
  25 Orb Guardians
  6 titans
  8 quicksilver dragons
  Asterion (Vaults:2)
  5 deep elf blademasters (Elf:3)
  5 deep elf master archers (Elf:3)
  Frances (Shoals:2)
  3 krakens
  6 ancient champions
  Agnes (Vaults:2)
  5 sphinxes
  7 death cobs
  8 tengu reavers
  Donald (Shoals:1)
  6 storm dragons
  Ilsuiw (Shoals:3)
  6 draconian monks
  12 shadow dragons
  17 fire giants
  9 nagarajas
  Aizul (Shoals:2)
  6 deep elf sorcerers
  2 ghost moths
  6 draconian scorchers
  4 draconian knights
  17 frost giants
  3 draconian shifters
  8 vault wardens
  2 balrugs (Hell)
  A caustic shrike zombie (Depths:3)
  3 deep elf elementalists (Elf:3)
  2 curse skulls
  41 very ugly things
  2 draconian stormcallers
  14 ironbound preservers
  2 reapers
  3 draconian annihilators
  2 spriggan defenders
  4 war gargoyles
  4 ghouls (Crypt:2)
  17 stone giants
  13 green draconians
  2 entropy weavers
  6 deep elf demonologists
  5 vampire knights
  6 dire elephants
  6 deep elf annihilators
  12 white draconians
  A minotaur (Gauntlet)
  13 red draconians
  4 black draconians
  9 purple draconians
  10 yellow draconians
  3 spark wasps
  5 eidola
  16 deep elf death magi
  A salamander tyrant (Snake:4)
  An ettin (shapeshifter) (Elf:1)
  Josephine (D:14)
  13 merfolk impalers
  15 fire dragons
  A green death (Depths:1)
  9 merfolk javelineers
  17 ettins
  7 jiangshi
  A quicksilver dragon zombie (Crypt:2)
  Fannar (Lair:2)
  8 great orbs of eyes
  11 yaktaur captains
  The ghost of Howlingfantods the Blocker, a journeyman MiFi of Okawaru (Orc:2)
  7 hydras
  5 deep elf high priests
  5 boulder beetles
  A hell beast (Depths:4)
  5 ice dragons
  3 ironbound thunderhulks
  25 vault guards (Vaults:5)
  3 spriggan air magi (Depths:3)
  21 naga warriors
  3 peacekeepers
  3 centaur warriors
  7 rakshasas
  A death knight (Crypt:2)
  3 merfolk avatars
  3 catoblepae
  2 satyrs
  4 two-headed ogres
  A catoblepas (shapeshifter) (Vaults:5)
  11 anacondas
  3 merfolk aquamancers
  12 ironbound frosthearts
  7 death yaks
  21 dancing weapons
  3 deep troll shamans
  11 deep troll earth magi
  9 tengu warriors
  6 vampire magi
  4 hell hogs (Hell)
  An orc high priest (Elf:3)
  22 naga sharpshooters
  5 shock serpents
  3 ironbound beastmasters
  13 spriggan berserkers
  14 hell knights
  A shock serpent (shapeshifter) (D:15)
  9 sun demons
  A wretched star (Gauntlet)
  6 spriggans
  3 titan skeletons
  17 deep elf knights
  19 skeletal warriors
  7 soul eaters
  A spark wasp zombie (Crypt:1)
  Nergalle (Lair:1)
  59 deep trolls
  A sixfirhy (Depths:4)
  8 iron trolls
  2 salamander mystics
  3 anaconda zombies (Hell)
  A swamp dragon (Lair:6)
  A glowing orange brain (shapeshifter) (Depths:2)
  14 sea snakes
  A golden dragon zombie (Depths:1)
  A shadow wraith (Vaults:5)
  A deep troll (shapeshifter) (Elf:1)
  2 flayed ghosts
  A ghost moth zombie (Crypt:2)
  9 deep elf archers
  5 glowing orange brains
  8 lindwurms
  10 phantasmal warriors
  32 harpies
  11 ironbound convokers
  16 wizards
  An obsidian statue (Zot:5)
  7 naga ritualists
  25 necromancers
  14 orc knights
  26 deep elf zephyrmancers
  3 fire giant zombies
  An orc sorcerer (Elf:1)
  A harpy (shapeshifter) (D:13)
  A shadow dragon zombie (Crypt:2)
  3 stone giant zombies
  9 mana vipers
  29 deep elf pyromancers
  A wolf spider (D:15)
  60 ugly things
  11 salamanders
  A wolf spider (shapeshifter) (Depths:2)
  2 tengu skeletons
  A mana viper (shapeshifter) (Depths:2)
  A stone giant skeleton (Crypt:2)
  A shining eye (shapeshifter) (D:13)
  13 moths of wrath
  6 cyclopes
  A manticore (shapeshifter) (Vaults:5)
  A salamander (shapeshifter) (D:15)
  8 fauns
  A sphinx skeleton (Vaults:2)
  A goliath frog skeleton (Crypt:1)
  21 manticores
  40 black mambas
  2 frost giant zombies
  14 elephants
  7 guardian serpents
  A black mamba (shapeshifter) (D:13)
  A spriggan zombie (Depths:1)
  8 merfolk sirens
  30 naga magi
  3 rust devils
  A human skeleton (Vaults:2)
  A water nymph (Shoals:2)
  2 frost giant skeletons
  3 fire giant skeletons
  A molten gargoyle (Hell)
  An orange demon (Depths:3)
  11 vault sentinels
  An alligator snapping turtle zombie (Crypt:2)
  A cane toad (shapeshifter) (D:12)
  17 cane toads
  An ice statue (IceCv)
  5 torpor snails (Lair:6)
  A smoke demon (Hell)
  5 human zombies
  3 unseen horrors
  5 rime drakes
  An eye of devastation (shapeshifter) (Vaults:5)
  3 kobold demonologists
  A hellion (Depths:4)
  A catoblepas zombie (Crypt:2)
  6 ice devils
  10 komodo dragons
  An anaconda simulacrum (Crypt:2)
  7 tengu conjurers
  7 freezing wraiths
  34 yaktaurs
  An elf skeleton (Vaults:2)
  A yaktaur skeleton (Vaults:1)
  28 merfolk
  2 tormentors
  A hydra zombie (Hell)
  6 wind drakes
  A harpy zombie (Crypt:2)
  16 polar bears
  4 meliai
  3 tyrant leeches (Lair:6)
  A jumping spider (Vaults:4)
  13 hornets
  5 red devils
  A merfolk (shapeshifter) (Vaults:5)
  A purple draconian skeleton (Crypt:1)
  7 trolls
  Grinder (Sewer)
  A raiju (Gauntlet)
  A meliai zombie (Crypt:2)
  An alligator zombie (Hell)
  An ettin zombie (Depths:1)
  60 slime creatures
  7 blink frogs (Lair:6)
  13 dream sheep
  2 harpy skeletons
  A dream sheep (shapeshifter) (Depths:4)
  5 redbacks
  An ice dragon skeleton (Crypt:2)
  7 snapping turtles
  5 flying skulls (Crypt:2)
  3 centaur simulacra
  Sigmund (D:5)
  23 water elementals
  4 air elementals
  A small abomination (Gauntlet)
  2 shadows
  99 yaks
  6 wraiths
  A tarantella (Vaults:2)
  A vampire (D:12)
  A wyvern (D:8)
  2 ynoxinuls
  A fire bat (shapeshifter) (Vaults:4)
  3 fire bats (Lair:1)
  7 basilisks
  2 fire elementals
  A black mamba skeleton (Crypt:1)
  A chaos spawn (Depths:4)
  A sea snake simulacrum (Hell)
  6 steam dragons
  12 vampire mosquitoes
  2 yaktaur simulacra (Vaults:2)
  8 wargs
  Edmund (D:6)
  A neqoxec (Gauntlet)
  A glowing shapeshifter zombie (Crypt:1)
  6 acid dragons
  42 nagas
  30 water moccasins
  A faun skeleton (Crypt:1)
  3 floating eyes
  A hornet zombie (D:8)
  An ice beast (shapeshifter) (D:12)
  4 hell hounds (Hell)
  5 black bears
  3 ettin simulacra
  A fire dragon simulacrum (Depths:1)
  43 orc warriors
  2 cane toad skeletons (Crypt:2)
  5 ice beasts
  A lindwurm zombie (Crypt:2)
  2 sky beasts (D:7)
  4 boggarts (Vaults:1)
  A manticore zombie (Crypt:1)
  6 ogres
  3 necrophages
  18 wolves
  7 centaurs
  3 large abominations (Elf:1)
  A swamp dragon skeleton (Crypt:2)
  An elephant skeleton (Crypt:1)
  3 phantoms
  4 elf zombies
  4 kobold brigands
  4 earth elementals
  A palentonga zombie (Crypt:1)
  14 bullfrogs
  A scorpion (D:7)
  A wyvern zombie (D:6)
  5 killer bees (D:11)
  A jelly (D:4)
  4 howler monkeys
  A spriggan skeleton (Crypt:2)
  11 wights
  A vampire bat (Lair:1)
  An electric eel (D:11)
  7 centaur zombies
  A crimson imp (D:5)
  3 bullfrog skeletons
  A hound (D:7)
  2 quasits (Sewer)
  A centaur skeleton (D:5)
  12 orc priests
  2 gnoll shamans
  7 iguanas
  3 iron imps (Gauntlet)
  A scorpion zombie (D:5)
  4 orc wizards
  2 killer bee zombies
  A mummy (D:8)
  2 howler monkey zombies
  6 adders
  11 gnolls
  3 shadow imps (Sewer)
  13 white imps
  7 ufetubi
  A worm (D:6)
  3 dart slugs
  94 orcs
  7 ball pythons
  4 endoplasms
  9 giant cockroaches
  12 goblins
  5 hobgoblins
  14 jackals
  47 kobolds
  4 quokkas
  13 bats
  2 frilled lizards
  A hobgoblin zombie (Crypt:2)
  An orc skeleton (Crypt:1)
  4 rats
  A rat zombie (Crypt:1)
  2 blocks of ice
  8 tentacles
2484 creatures vanquished.

Vanquished Creatures (others)
  Nikola (Vaults:2)
  2 liches (Depths:3)
  A sphinx (Depths:3)
  A fire giant (Depths:4)
  A very ugly thing (Depths:2)
  A merfolk aquamancer (Shoals:2)
  An ice devil (Hell)
  A hornet (Depths:2)
  An endoplasm (Sewer)
  3 blocks of ice (Hell)
  2 bushes
  73 fungi
  235 plants
  4 tentacles
  7 toadstools (D:1)
  2 withered plants (Elf:3)
336 creatures vanquished.

Grand Total: 2820 creatures vanquished

Notes
Turn   | Place    | Note
-------+----------+-------------------------------------------
     0 | D:1      | Froggeryz the Demigod Ice Elementalist began the quest for
                  | the Orb.
     0 | D:1      | Reached XP level 1. HP: 14/14 MP: 5/5
   518 | D:1      | Reached XP level 2. HP: 16/22 MP: 4/7
   611 | D:1      | Reached skill level 4 in Ice Magic
   712 | D:1      | Reached skill level 1 in Fighting
  1285 | D:1      | Reached XP level 3. HP: 18/28 MP: 6/8
  1420 | D:2      | Reached skill level 1 in Shields
  2178 | D:2      | Noticed a centaur
  2281 | D:2      | Reached XP level 4. HP: 30/35 MP: 9/9
  3437 | D:2      | Killed a centaur
  3438 | D:2      | Reached skill level 5 in Ice Magic
  3438 | D:2      | Reached XP level 5. HP: 40/40 MP: 5/10
  3649 | D:3      | Learned a level 3 spell: Frozen Ramparts
  4199 | D:4      | Noticed an orc warrior
  4205 | D:4      | Killed an orc warrior
  4206 | D:4      | Reached XP level 6. HP: 12/47 MP: 5/11
  4885 | D:4      | Reached skill level 6 in Ice Magic
  5402 | D:4      | Reached XP level 7. HP: 48/52 MP: 12/12
  5624 | D:4      | Found Qogaaggu's Book Shoppe.
  5790 | D:5      | Entered Level 5 of the Dungeon
  5791 | D:5      | Noticed Sigmund
  5951 | D:4      | Learned a level 3 spell: Ozocubu's Armour
  6224 | D:4      | Reached skill level 5 in Shields
  6406 | D:5      | Killed Sigmund
  6407 | D:5      | Reached skill level 7 in Ice Magic
  6595 | D:5      | Reached XP level 8. HP: 24/59 MP: 1/13
  7366 | D:5      | Identified the +2 robe of Patu {rPois rF- Dex+4}
  7832 | D:6      | Reached skill level 8 in Ice Magic
  7855 | D:6      | Gained mutation: Your system is resistant to poisons.
                  | (rPois) [potion of mutation]
  7855 | D:6      | Gained mutation: You sometimes lose the ability to read
                  | scrolls when taking damage. [potion of mutation]
  7855 | D:6      | Gained mutation: Your mind is acute. (Int +2) [potion of
                  | mutation]
  8175 | D:6      | Found a glowing drain.
  8199 | Sewer    | Entered a sewer
  8528 | Sewer    | Noticed Grinder
  8554 | Sewer    | Paralysed by Grinder for 5 turns
  8559 | Sewer    | Killed Grinder
  9025 | D:6      | Reached skill level 9 in Ice Magic
  9142 | D:6      | Noticed Edmund
  9151 | D:6      | Killed Edmund
  9489 | D:7      | Reached XP level 9. HP: 64/64 MP: 14/18
  9995 | D:7      | Identified the ring of Cuke {rF+ Will+ MP+9 Int+3 Dex+3}
 10105 | D:7      | Found a staircase to the Ecumenical Temple.
 10810 | D:8      | Noticed a two-headed ogre
 10827 | D:7      | Reached skill level 10 in Ice Magic
 11018 | D:8      | Killed a two-headed ogre
 11019 | D:8      | Reached skill level 5 in Spellcasting
 12039 | D:8      | Reached XP level 10. HP: 69/71 MP: 14/21
 12156 | D:8      | Reached skill level 11 in Ice Magic
 13077 | D:9      | Found a staircase to the Lair.
 13083 | D:9      | Reached skill level 5 in Dodging
 13308 | Lair:1   | Entered Level 1 of the Lair of Beasts
 13356 | Lair:1   | Reached skill level 12 in Ice Magic
 13406 | Lair:1   | Reached XP level 11. HP: 50/77 MP: 13/25
 13806 | Lair:1   | Found a dark tunnel.
 13815 | Volcano  | Entered a volcano
 13838 | Volcano  | Noticed a hell knight
 13849 | Volcano  | Killed a hell knight
 13965 | Volcano  | Noticed a centaur warrior
 13986 | Volcano  | HP: 4/80 [centaur warrior (19)]
 13993 | Volcano  | Killed a centaur warrior
 13994 | Volcano  | Reached skill level 13 in Ice Magic
 14581 | Lair:2   | Reached skill level 1 in Maces & Flails
 14633 | Lair:2   | Noticed a five-headed hydra
 14644 | Lair:2   | Killed a five-headed hydra
 14809 | Lair:2   | Reached skill level 1 in Evocations
 15056 | Lair:2   | Noticed Nergalle
 15165 | Lair:1   | Killed Nergalle
 15208 | Lair:2   | Noticed a six-headed hydra
 15277 | Lair:2   | Reached XP level 12. HP: 79/92 MP: 27/27
 15286 | Lair:2   | Killed a six-headed hydra
 15287 | Lair:2   | Reached skill level 5 in Fighting
 15385 | Lair:2   | Identified 2 scrolls of acquirement
 15385 | Lair:2   | Acquired 844 gold pieces
 15387 | Lair:2   | Acquired the Catalogue of the Snowflakes
 15397 | Lair:2   | Learned a level 7 spell: Ozocubu's Refrigeration
 15985 | Lair:2   | Found a staircase to the Shoals.
 16270 | Lair:3   | Reached skill level 14 in Ice Magic
 16271 | Lair:3   | Noticed Fannar
 16308 | Lair:2   | Reached skill level 5 in Evocations
 16685 | Lair:3   | Noticed a catoblepas
 16701 | Lair:3   | Killed a catoblepas
 17707 | Lair:4   | Found a staircase to the Snake Pit.
 17713 | Lair:4   | Reached XP level 13. HP: 106/107 MP: 15/28
 19046 | Lair:5   | Reached skill level 15 in Ice Magic
 19958 | Lair:6   | Entered Level 6 of the Lair of Beasts
 20216 | Lair:6   | Reached skill level 10 in Fighting
 21217 | Lair:6   | Found a staircase to the Slime Pits.
 21662 | Lair:6   | Found a runed translucent door.
 21785 | Lair:6   | Reached XP level 14. HP: 122/122 MP: 29/29
 21788 | Lair:6   | Reached skill level 16 in Ice Magic
 22537 | D:10     | Entered Level 10 of the Dungeon
 23286 | D:10     | Found Cofijil's Antique Weapon Emporium.
 23504 | D:11     | Found a staircase to the Orcish Mines.
 23626 | D:11     | Identified the +2 helmet of Articulation {Rampage *Corrode
                  | Int+4 Dex+4}
 23657 | D:11     | Found a frozen archway.
 23688 | IceCv    | Entered an ice cave
 24352 | IceCv    | Reached skill level 5 in Stealth
 24810 | IceCv    | Noticed a frost giant
 25142 | IceCv    | Killed a frost giant
 25179 | IceCv    | Identified the amulet of Qykovug {RegenMP Dex+3}
 25490 | D:11     | Found a portal to a secret trove of treasure.
 25926 | D:11     | Lost mutation: You sometimes lose the ability to read
                  | scrolls when taking damage. [potion of mutation]
 25926 | D:11     | Lost mutation: Your system is resistant to poisons. (rPois)
                  | [potion of mutation]
 25926 | D:11     | Lost mutation: Your mind is acute. (Int +2) [potion of
                  | mutation]
 25926 | D:11     | Gained mutation: Your body sometimes deteriorates upon
                  | taking damage. [potion of mutation]
 25926 | D:11     | Gained mutation: Potions are less effective at restoring
                  | your health. [potion of mutation]
 25926 | D:11     | Gained mutation: You expend magic power (3 MP) to
                  | strengthen your wands. [potion of mutation]
 25927 | D:11     | Lost mutation: You expend magic power (3 MP) to strengthen
                  | your wands. [potion of mutation]
 25927 | D:11     | Lost mutation: Your body sometimes deteriorates upon taking
                  | damage. [potion of mutation]
 25927 | D:11     | Lost mutation: Potions are less effective at restoring your
                  | health. [potion of mutation]
 25927 | D:11     | Gained mutation: You expend magic power (3 MP) to
                  | strengthen your wands. [potion of mutation]
 25927 | D:11     | Gained mutation: You have sharp toenails. [potion of
                  | mutation]
 26040 | Orc:1    | Entered Level 1 of the Orcish Mines
 26335 | Orc:1    | Reached skill level 17 in Ice Magic
 26370 | Orc:2    | Entered Level 2 of the Orcish Mines
 26427 | Orc:2    | Found a staircase to the Elven Halls.
 26495 | Orc:2    | Found a large runed translucent door.
 26495 | Orc:2    | Found a large runed translucent door.
 26496 | Orc:2    | Noticed Howlingfantods's ghost (journeyman MiFi)
 26562 | Orc:2    | Found a gate leading to a gauntlet.
 26569 | Gauntlet | Entered a Gauntlet
 26569 | Gauntlet | Found a transporter.
 26569 | Gauntlet | Found a transporter.
 26573 | Gauntlet | Found a transporter.
 26582 | Gauntlet | Found a transporter.
 26599 | Gauntlet | Found a transporter.
 26610 | Gauntlet | Found a transporter.
 26623 | Gauntlet | Found a transporter.
 26633 | Gauntlet | Found a transporter.
 26633 | Gauntlet | Found a transporter.
 26660 | Gauntlet | Found a transporter.
 26663 | Gauntlet | Found a transporter.
 26675 | Gauntlet | Found a transporter.
 26723 | Gauntlet | Found a transporter.
 26739 | Gauntlet | Found a transporter.
 26839 | Gauntlet | Found a transporter.
 26855 | Gauntlet | Found a transporter.
 27294 | Orc:2    | Found Xiuhoipp's Antique Armour Emporium.
 27295 | Orc:2    | Found Weomek's Armour Boutique.
 27688 | Orc:2    | Found Geggehih's General Store.
 27689 | Orc:2    | Found Xuworemy's Assorted Antiques.
 27696 | Orc:2    | Reached XP level 15. HP: 123/129 MP: 21/30
 28110 | Orc:2    | Bought shiny pearl dragon scales for 2858 gold pieces
 28199 | Orc:2    | Killed Howlingfantods's ghost
 28840 | D:12     | Reached skill level 1 in Axes
 29186 | D:11     | Learned a level 6 spell: Statue Form
 29615 | D:12     | Identified the +2 cloak of Ubryne {Str+4}
 29624 | D:12     | Reached skill level 1 in Transmutations
 29624 | D:12     | Reached skill level 1 in Earth Magic
 29726 | D:12     | Identified the Catalogue of Conjuration and Orientation
 31371 | D:13     | Found a gate to the Vaults.
 31737 | Shoals:1 | Entered Level 1 of the Shoals
 31948 | Shoals:1 | Noticed a kraken
 31952 | Shoals:1 | Killed a kraken
 32365 | Shoals:1 | Noticed Donald
 32470 | Shoals:1 | Killed Donald
 32512 | Shoals:1 | Noticed a kraken
 32523 | Shoals:1 | Killed a kraken
 32869 | Shoals:2 | Found Iroicvy's General Store.
 32869 | Shoals:2 | Found Inougg's Antique Armour Shop.
 32999 | Shoals:2 | Reached skill level 18 in Ice Magic
 33000 | Shoals:2 | Found Tuihuli Zich's Jewellery Boutique.
 33082 | Shoals:2 | Bought an embroidered scarf for 312 gold pieces
 33083 | Shoals:2 | Bought a runed scarf for 312 gold pieces
 33164 | Shoals:2 | Found Ahorapp's Antique Armour Shop.
 33203 | Shoals:2 | Identified the -3 pair of boots of Polytheism {rN++ Slay-6
                  | SInv Stlth+}
 33477 | Shoals:2 | Noticed Aizul
 33482 | Shoals:2 | Killed Aizul
 33483 | Shoals:2 | Reached XP level 16. HP: 70/137 MP: 1/33
 33743 | Shoals:2 | Noticed a hellephant
 33804 | Shoals:2 | Noticed a tentacled starspawn
 33923 | Shoals:2 | Found a transporter.
 33927 | Shoals:2 | Found a one-way gate to the infinite horrors of the Abyss.
 33927 | Shoals:2 | Noticed Aduepsicimn's ghost (adept FoFi)
 33931 | Shoals:2 | Found a transporter.
 33957 | Shoals:2 | Noticed Frances
 33962 | Shoals:2 | Killed Frances
 34188 | Shoals:2 | Noticed a kraken
 34194 | Shoals:2 | Killed a kraken
 34354 | Shoals:2 | Identified the +6 long sword "Qeawah" {vorpal, *Noise +Rage
                  | rPois}
 35081 | Shoals:3 | Found Borchim's Distillery.
 35110 | Shoals:3 | Bought a potion of mutation for 128 gold pieces
 35110 | Shoals:3 | Bought a potion of heal wounds for 80 gold pieces
 35217 | Shoals:3 | Noticed Ilsuiw
 35225 | Shoals:3 | Killed Ilsuiw
 35226 | Shoals:3 | Reached skill level 1 in Armour
 35390 | Shoals:3 | Upgraded the game from 0.27-a0-906-g0a00ce863d to
                  | 0.27-a0-909-g0721f309d1
 35420 | Shoals:3 | Reached skill level 19 in Ice Magic
 35909 | Shoals:4 | Entered Level 4 of the Shoals
 35913 | Shoals:4 | Found Empofid's Distillery.
 35926 | Shoals:4 | Bought a potion of heal wounds for 90 gold pieces
 36153 | Shoals:4 | Reached skill level 10 in Spellcasting
 36342 | Shoals:4 | Got a barnacled rune of Zot
 36502 | Shoals:4 | Found Hemuexek's Antique Weapon Emporium.
 36814 | Shoals:4 | Identified the Collected Works on Darkness and the
                  | Traveller
 37009 | Shoals:4 | Found Nouhicuph's Magic Scroll Shoppe.
 37022 | Shoals:4 | Reached skill level 1 in Staves
 37148 | Shoals:4 | Reached XP level 17. HP: 92/144 MP: 24/36
 37564 | Snake:1  | Entered Level 1 of the Snake Pit
 38919 | Snake:2  | Reached skill level 20 in Ice Magic
 40701 | Snake:3  | Reached skill level 5 in Staves
 41004 | Snake:3  | Found Waufol's Armour Shop.
 41005 | Snake:3  | Found Xiocwuf's Assorted Antiques.
 41005 | Snake:3  | Found Xas Tuh's Antique Armour Boutique.
 41103 | Snake:3  | Bought the -2 cloak of Beskeec {-Tele rN+ rCorr} for 85
                  | gold pieces
 41105 | Snake:3  | Found Uppucau's Jewellery Boutique.
 41110 | Snake:3  | Bought a shiny helmet for 187 gold pieces
 41369 | Snake:4  | Entered Level 4 of the Snake Pit
 42513 | Snake:4  | Reached XP level 18. HP: 151/151 MP: 27/38
 43141 | Snake:4  | Reached skill level 21 in Ice Magic
 44004 | Snake:4  | Got a serpentine rune of Zot
 44549 | Lair:2   | Killed Fannar
 45303 | D:14     | Noticed Josephine
 45309 | D:14     | Killed Josephine
 46002 | D:15     | Entered Level 15 of the Dungeon
 46512 | D:15     | Found a staircase to the Depths.
 47470 | Elf:1    | Entered Level 1 of the Elven Halls
 47844 | Elf:1    | Identified the Tome of Evil
 49960 | Elf:1    | Reached skill level 22 in Ice Magic
 50133 | Elf:2    | Found Ofav's Magic Scroll Shop.
 50266 | Elf:2    | Reached XP level 19. HP: 157/157 MP: 29/40
 51029 | Elf:2    | Found a huge runed translucent gate.
 51029 | Elf:2    | Found a huge runed translucent gate.
 51029 | Elf:2    | Found a huge runed translucent gate.
 51029 | Elf:2    | Found a huge runed translucent gate.
 51032 | Elf:2    | Found a huge runed translucent gate.
 51567 | Elf:3    | Entered Level 3 of the Elven Halls
 52701 | Elf:3    | Identified the +1 scimitar of the Evil Eye {vorpal, Stlth+}
 52706 | Elf:3    | Reached skill level 23 in Ice Magic
 53016 | Elf:3    | Found a runed translucent door.
 53016 | Elf:3    | Noticed Naunuok's ghost (journeyman DEIE)
 54049 | Elf:3    | Identified the +8 dagger "Worm's Wrath" {antimagic, Str+3
                  | Dex+2 SInv}
 54622 | Elf:3    | Found the +9 sword of Zonguldrok {reap}
 54643 | Elf:3    | Found the +8 whip "Snakebite" {curare, rPois}
 54834 | Elf:3    | Identified the ring "Veudghod" {Fly rN+ Int+4}
 54845 | Elf:3    | Identified the ring of Fyan {Will+ AC+4 Dex+3}
 54848 | Elf:3    | Identified the ring of Rubraff {rN+ Will+ EV+4}
 54864 | Elf:3    | Identified the Compendium of the Frostbite and Poison
 55205 | Vaults:1 | Entered Level 1 of the Vaults
 55629 | Vaults:1 | Reached skill level 24 in Ice Magic
 55749 | Vaults:1 | Reached XP level 20. HP: 165/165 MP: 36/41
 57206 | Vaults:2 | Noticed Nikola
 57214 | Vaults:2 | Killed Nikola
 57975 | Vaults:2 | Reached skill level 25 in Ice Magic
 58015 | Vaults:2 | Found Tatwed's Book Shoppe.
 58575 | Vaults:2 | Noticed Asterion
 58576 | Vaults:2 | Noticed Rupert
 58576 | Vaults:2 | Noticed Agnes
 58580 | Vaults:2 | Killed Agnes
 58580 | Vaults:2 | Killed Asterion
 58608 | Vaults:2 | Killed Rupert
 60193 | Vaults:3 | Noticed Mara
 60213 | Vaults:3 | Noticed Froggeryz's illusion
 60216 | Vaults:3 | Killed Mara
 60518 | Vaults:3 | Found a staircase to the Crypt.
 60686 | Vaults:3 | Reached XP level 21. HP: 151/172 MP: 37/42
 61713 | Vaults:3 | Found Kueliyvi's Assorted Antiques.
 62473 | Vaults:4 | Found a flickering gateway to a bazaar.
 62479 | Bazaar   | Entered a bazaar
 62499 | Bazaar   | Found Yrhag's Jewellery Shoppe.
 62510 | Bazaar   | Found Ygohuf's Assorted Antiques.
 62521 | Bazaar   | Found Teph's Magic Scroll Emporium.
 62553 | Bazaar   | Found Raoras's Distillery.
 62575 | Bazaar   | Found Iduc's Distillery.
 62612 | Bazaar   | Bought the ring of the Mage {Wiz Will++ Int+3} for 672 gold
                  | pieces
 62612 | Bazaar   | Found the ring of the Mage {Wiz Will++ Int+3}
 62635 | Bazaar   | Bought a scroll of teleportation for 30 gold pieces
 62635 | Bazaar   | Bought a scroll of teleportation for 30 gold pieces
 62635 | Bazaar   | Bought a scroll of enchant weapon for 75 gold pieces
 62635 | Bazaar   | Bought a scroll of enchant weapon for 75 gold pieces
 62635 | Bazaar   | Bought a scroll of amnesia for 35 gold pieces
 62635 | Bazaar   | Bought a scroll of magic mapping for 35 gold pieces
 62635 | Bazaar   | Bought a scroll of fog for 20 gold pieces
 62635 | Bazaar   | Bought 2 scrolls of immolation for 70 gold pieces
 62667 | Bazaar   | Bought a potion of mutation for 96 gold pieces
 62667 | Bazaar   | Bought a potion of curing for 36 gold pieces
 62667 | Bazaar   | Bought a potion of curing for 36 gold pieces
 62667 | Bazaar   | Bought 2 potions of curing for 72 gold pieces
 62667 | Bazaar   | Bought a potion of curing for 36 gold pieces
 62687 | Bazaar   | Bought a potion of heal wounds for 60 gold pieces
 62687 | Bazaar   | Bought a potion of might for 48 gold pieces
 62687 | Bazaar   | Bought a potion of might for 48 gold pieces
 62687 | Bazaar   | Bought a potion of curing for 36 gold pieces
 62687 | Bazaar   | Bought 2 potions of resistance for 240 gold pieces
 62687 | Bazaar   | Bought a potion of curing for 36 gold pieces
 63207 | Vaults:4 | Identified the +1 robe of Kihasm {Slay+3}
 64832 | Vaults:5 | Entered Level 5 of the Vaults
 64835 | Vaults:5 | Reached skill level 10 in Shields
 65236 | Vaults:4 | HP: 6/175 [frost giant/+1 battleaxe of freezing (28)]
 66170 | Vaults:5 | Noticed an ancient lich
 66200 | Vaults:4 | Learned a level 4 spell: Dispel Undead
 66592 | Vaults:5 | Reached skill level 1 in Necromancy
 66733 | Vaults:5 | Identified the +3 trident "Ewygivvaej" {protect, rElec}
 66987 | Vaults:5 | Reached XP level 22. HP: 165/182 MP: 34/45
 67341 | Vaults:5 | Noticed an ancient lich
 67426 | Vaults:4 | Killed an ancient lich
 67427 | Vaults:4 | Reached skill level 26 in Ice Magic
 67933 | Vaults:5 | Killed an ancient lich
 67934 | Vaults:5 | Reached skill level 5 in Necromancy
 68078 | Vaults:5 | Identified the ring "Rilaabio" {rN++ Int-3 Dex+4 SInv}
 68251 | Vaults:5 | Identified the amulet of Ralit {Acrobat Str+3}
 68423 | Vaults:5 | Identified the Grimoire of Dislocation and Sinister Magic
 70485 | Vaults:5 | Reached skill level 5 in Transmutations
 70485 | Vaults:5 | Reached skill level 5 in Earth Magic
 70662 | Vaults:5 | Got a silver rune of Zot
 70665 | Vaults:5 | Identified the +2 leather armour of Dice, Bag, and Bottle
                  | {Dex+4 Stlth+}
 71763 | Crypt:1  | Entered Level 1 of the Crypt
 72765 | Crypt:2  | Found a transporter.
 72874 | Crypt:2  | Noticed a dread lich
 72890 | Crypt:2  | Noticed Margery
 72894 | Crypt:2  | Killed Margery
 73171 | Crypt:2  | Noticed Xtahua
 73174 | Crypt:2  | Killed Xtahua
 74597 | Crypt:2  | Reached XP level 23. HP: 190/190 MP: 41/46
 74995 | Crypt:2  | Killed a dread lich
 75102 | Crypt:2  | Found a transporter.
 75400 | Depths:1 | Entered Level 1 of the Depths
 75577 | Depths:1 | Found a gateway to Hell.
 75896 | Depths:1 | Reached skill level 10 in Transmutations
 75896 | Depths:1 | Reached skill level 10 in Earth Magic
 75940 | Depths:1 | Found Vouhyeph's Book Shoppe.
 75940 | Depths:1 | Found Apnyoss's Jewellery Shop.
 75941 | Depths:1 | Found Gannab's Book Shoppe.
 76388 | Depths:1 | Found a runed translucent door.
 78062 | Depths:2 | Noticed a juggernaut
 78067 | Depths:2 | Killed a juggernaut
 78426 | Depths:2 | Identified the +3 scale mail of Watchfulness {Contam rN+
                  | Dex+3 SInv}
 79213 | Depths:2 | Identified the ring "Qyjaqiyq" {rPois rC+ Stlth+}
 80392 | Depths:3 | Found Yhoffeps's Assorted Antiques.
 80396 | Depths:3 | Bought a potion of heal wounds for 210 gold pieces
 80750 | Depths:3 | Found a runed translucent gate.
 80750 | Depths:3 | Found a runed translucent gate.
 80750 | Depths:3 | Found a runed translucent gate.
 80948 | Depths:3 | Reached XP level 24. HP: 76/200 MP: 46/46
 81281 | Depths:3 | Reached skill level 15 in Shields
 81506 | Depths:3 | Reached skill level 5 in Axes
 81971 | Depths:3 | Identified the ring "Hyimees" {Contam rCorr Int+6}
 81972 | Depths:3 | Identified the ring "Jileyfeqa" {Contam rF+ MP+9 Str+7
                  | Int+3}
 82316 | Depths:3 | Learned a level 2 spell: Blink
 82473 | Depths:3 | Reached skill level 10 in Axes
 83302 | Depths:3 | Found a gateway to a ziggurat.
 83302 | Depths:3 | Noticed a dread lich
 83365 | Depths:2 | Killed a dread lich
 83728 | Depths:3 | Noticed Ongus's ghost (veteran TrEE)
 83863 | Depths:3 | Found a one-way gate leading to the halls of Pandemonium.
 84137 | Depths:3 | Identified the amulet "Nyuck" {Regen+ Dex+4}
 84266 | Depths:3 | Identified the amulet "Jozur" {Spirit *Slow rPois Int+3
                  | Dex+3}
 86485 | Depths:4 | Found the +5 robe of Misfortune {Contam Harm *Corrode Drain
                  | *Slow EV+5}
 86813 | Depths:4 | Reached skill level 15 in Axes
 87453 | Depths:4 | Identified the +7 shortbow "Hell-Harrower" {flame, rPois
                  | Int+4}
 87645 | Depths:5 | Entered Level 5 of the Depths
 87889 | Depths:5 | Reached XP level 25. HP: 121/206 MP: 14/46
 88764 | Depths:5 | Found a gate to the Realm of Zot.
 88950 | Zot:1    | Entered Level 1 of the Realm of Zot
 91513 | Zot:3    | Noticed an orb of fire
 91531 | Zot:3    | Gained mutation: Your natural rate of healing is unusually
                  | fast. [an orb of fire]
 91533 | Zot:3    | Gained mutation: Your body sometimes deteriorates upon
                  | taking damage. [an orb of fire]
 91534 | Zot:3    | Killed an orb of fire
 92006 | Zot:3    | Reached skill level 5 in Armour
 92052 | Zot:3    | Found the +5 sword of Power {vorpal}
 92116 | Zot:3    | Identified the +8 quarterstaff "Naavuk" {antimagic, Fragile
                  | MP+9 Str+5}
 92141 | Zot:3    | Identified Sif Muna's Incunabulum of Fire and Feathers
 92814 | Zot:3    | Identified the +0 chain mail of Fisae {Int+4}
 92908 | Zot:5    | Entered Level 5 of the Realm of Zot
 93424 | Zot:5    | Reached XP level 26. HP: 216/216 MP: 44/47
 94735 | Zot:5    | Reached skill level 10 in Armour
 94795 | Zot:5    | Noticed an orb of fire
 94795 | Zot:5    | Gained mutation: You are dopey. (Int -2) [an orb of fire]
 94825 | Zot:5    | Gained mutation: Potions are less effective at restoring
                  | your health. [an orb of fire]
 94837 | Zot:5    | Gained mutation: Your body often deteriorates upon taking
                  | damage. [an orb of fire]
 94843 | Zot:5    | Killed an orb of fire
 94881 | Zot:5    | Lost mutation: Your body often deteriorates upon taking
                  | damage. [potion of mutation]
 94881 | Zot:5    | Lost mutation: Your body sometimes deteriorates upon taking
                  | damage. [potion of mutation]
 94881 | Zot:5    | Gained mutation: You are strong-willed. (Will+) [potion of
                  | mutation]
 94881 | Zot:5    | Gained mutation: You are agile. (Dex +2) [potion of
                  | mutation]
 94882 | Zot:5    | Lost mutation: You have sharp toenails. [potion of
                  | mutation]
 94882 | Zot:5    | Lost mutation: You expend magic power (3 MP) to strengthen
                  | your wands. [potion of mutation]
 94882 | Zot:5    | Gained mutation: You have a pair of small horns on your
                  | head. [potion of mutation]
 94882 | Zot:5    | Gained mutation: You occasionally shout uncontrollably at
                  | your foes. [potion of mutation]
 94882 | Zot:5    | Gained mutation: You have sharp toenails. [potion of
                  | mutation]
 94883 | Zot:5    | Lost mutation: You have sharp toenails. [potion of
                  | mutation]
 94883 | Zot:5    | Lost mutation: You occasionally shout uncontrollably at
                  | your foes. [potion of mutation]
 94883 | Zot:5    | Gained mutation: You are weak. (Str -2) [potion of
                  | mutation]
 94883 | Zot:5    | Gained mutation: You have a somewhat thin skeletal
                  | structure. (Dex +2, Stealth) [potion of mutation]
 94883 | Zot:5    | Gained mutation: You have a pair of horns on your head.
                  | [potion of mutation]
 94884 | Zot:5    | Lost mutation: You have a pair of horns on your head.
                  | [potion of mutation]
 94884 | Zot:5    | Lost mutation: You have a pair of small horns on your head.
                  | [potion of mutation]
 94884 | Zot:5    | Lost mutation: You are dopey. (Int -2) [potion of mutation]
 94884 | Zot:5    | Gained mutation: You expend magic power (3 MP) to
                  | strengthen your wands. [potion of mutation]
 94885 | Zot:5    | Lost mutation: You are strong-willed. (Will+) [potion of
                  | mutation]
 94885 | Zot:5    | Lost mutation: You are weak. (Str -2) [potion of mutation]
 94885 | Zot:5    | Gained mutation: You are robust. (+10% HP) [potion of
                  | mutation]
 94885 | Zot:5    | Gained mutation: You have a pair of small antennae on your
                  | head. [potion of mutation]
 94885 | Zot:5    | Gained mutation: You are very agile. (Dex +4) [potion of
                  | mutation]
 94886 | Zot:5    | Lost mutation: You have a somewhat thin skeletal structure.
                  | (Dex +2, Stealth) [potion of mutation]
 94886 | Zot:5    | Lost mutation: You expend magic power (3 MP) to strengthen
                  | your wands. [potion of mutation]
 94886 | Zot:5    | Lost mutation: You are robust. (+10% HP) [potion of
                  | mutation]
 94886 | Zot:5    | Gained mutation: Your movements are slightly less
                  | encumbered by armour. (ER -2) [potion of mutation]
 94886 | Zot:5    | Gained mutation: You are weak. (Str -2) [potion of
                  | mutation]
 94886 | Zot:5    | Gained mutation: You are somewhat resistant to further
                  | mutation. [potion of mutation]
 94932 | Zot:5    | Noticed an ancient lich
 94998 | Zot:5    | Killed an ancient lich
 95194 | Zot:5    | Reached skill level 15 in Fighting
 95563 | Zot:5    | Noticed an ancient lich
 95574 | Zot:5    | Killed an ancient lich
 95811 | Zot:5    | Noticed an orb of fire
 95831 | Zot:5    | Killed an orb of fire
 95857 | Zot:5    | Noticed an orb of fire
 96063 | Zot:5    | Gained mutation: You have sharp toenails. [an orb of fire]
 96068 | Zot:5    | Killed an orb of fire
 96424 | Zot:5    | Acquired the +2 pair of boots of the Shining Light {rC+
                  | Int+2 Dex+3}
 96668 | Zot:5    | Noticed an ancient lich
 96682 | Zot:5    | Killed an ancient lich
 96711 | Zot:5    | Noticed a dread lich
 96723 | Zot:5    | Killed a dread lich
 96724 | Zot:5    | Reached XP level 27. HP: 238/238 MP: 23/47
 96948 | Zot:5    | Learned a level 1 spell: Apportation
 96958 | Zot:5    | Learned a level 9 spell: Absolute Zero
 97230 | Depths:1 | Bought a Necronomicon for 1104 gold pieces
 97239 | Depths:1 | Learned a level 8 spell: Necromutation
 97332 | Hell     | Entered the Vestibule of Hell
 97332 | Hell     | Noticed Geryon
 97557 | Hell     | Killed Geryon
 97691 | Hell     | HP: 11/240 [smoke demon/divine providence (14)]
 97692 | Hell     | Demolished by a reaper

Illustrated notes

Levels and vault maps discovered:
D:1:      nagdon_arrival_double_spiral, layout_basic
D:2:      layout_basic
D:3:      layout_basic, lemuel_doored_altar, basic_ecumenical_altar,
          chequers_decorated_corner
D:4:      layout_gridville, serial_shops, kennysheep_mini_moat
D:5:      layout_rooms, minitemple, kennysheep_little_box, dk_noncrumbling_4,
          serial_bayou_pond_a, minmay_fire_ice_demons, uniq_sigmund
D:6:      layout_basic, cheibrodos_ashenzari_chains,
          cheibrodos_sewer_entry_bend, uniq_edmund
D:7:      kennysheep_kobold_camp, layout_rooms,
          gammafunk_temple_overflow_elements, lemuel_round_altar,
          minmay_temple_entry_tees, minmay_door_square
D:8:      layout_loops_ring, serial_undead, serial_undead_b, serial_undead_e,
          serial_undead_e, serial_undead_e
D:9:      layout_roguey, grunt_lair_entry_orc_guard_hut, special_room
          [special_room_orc], hangedman_decor_opposing
D:10:     layout_roguey, serial_shops, nicolae_shop_crystal,
          small_statue_intersection
D:11:     layout_cave_pools, orc_0_dummy, trove_entry_hex_spiral, serial_ice,
          serial_ice_h, serial_ice_k, serial_ice_b, serial_ice_e, serial_ice_a,
          serial_ice_d, serial_ice_m, portal_ice_cave_entry_imps
D:12:     minmay_strange_plus, layout_stronghold
D:13:     layout_loops_ring, david_vaults_4, special_room [special_room_orc],
          serial_glass, glass_columns_a, glass_columns_a
D:14:     layout_basic, kennysheep_donut, uniq_josephine
D:15:     grunt_enter_depths_hoard, layout_loops_ring,
          nicolae_qazlal_style_of_elements
Lair:1:   layout_misc_corridors, nicolae_volcano_entry_batcave,
          cheibrodos_lair_caveside_slide, roderic_batcave, minivault_11
Lair:2:   layout_long_grid, elwin_shoals_entry_rooms,
          infiniplex_staircase_pool_2, uniq_nergalle
Lair:3:   layout_loops_ring, minmay_lindwurm_lava, uniq_fannar
Lair:4:   layout_regular_city, minmay_snake_entry_guardpost_small
Lair:5:   layout_cave_pods, infiniplex_staircase_pool
Lair:6:   guppyfry_lair_end_dragon, layout_loops_ring, wormcave,
          minmay_slime_entry_pillars, basic_altar,
          chequers_serial_rivers_small_a
Shoals:1: layout_shoals, nicolae_shoals_kraken_intersection, uniq_donald
Shoals:2: argonaut_golden_fleece, layout_shoals, serial_shops, shop, shop,
          shop_coins, shop, gammafunk_ghost_abyssal_escape, abandoned_shop,
          nicolae_shoals_water_elemental_grotto, uniq_aizul, uniq_frances
Shoals:3: layout_shoals, serial_shops, nicolae_shop_waterfront, uniq_ilsuiw
Shoals:4: shoals_end_simple, layout_shoals, serial_shops,
          nicolae_shop_window_shopping, nicolae_shop_behind_doors, shop
Snake:1:  layout_cave_shapes, basic_altar, hangedman_venom_bottle
Snake:2:  layout_misc_corridors, fake_guardian_serpent_vault
Snake:3:  layout_gridlike, minmay_shoptagon, lemuel_fruit_tree,
          serial_bayou_shore_a
Snake:4:  snake_pit, layout_grid_maze
Orc:1:    layout_diamond_mine, basic_altar
Orc:2:    st_orc_town, layout_caves, gauntlet_entry_generic,
          ebering_ghost_disaster_area
Elf:1:    kennysheep_room_grid, layout_gridlike, serial_sigils,
          serial_sigils_hangedman_scratch, serial_sigils_hangedman_gut,
          serial_sigils_hangedman_quiver, serial_sigils_hangedman_quiver,
          serial_sigils_hangedman_leer, serial_sigils_hangedman_snap,
          minmay_elf_necromancy
Elf:2:    layout_gridlike, minmay_shop_star
Elf:3:    minmay_elf_hall, layout_geoelf_grid, gammafunk_ghost_grave,
          columned_hall_lemuel
Vaults:1: hangedman_vaults_nails, grunt_vaults_swirl, v_misc_26,
          vaults_room_pool, vaults_mumra_lcd, nicolae_vaults_little_squares_3,
          layout_vaults_quadrants
Vaults:2: ontoclasm_vaults_bender, ontoclasm_vaults_chip,
          hangedman_vaults_restitches, nicolae_vaults_arrows,
          grunt_vaults_focal, v_misc_15, sword_in_stone, hangedman_vaults_trim,
          layout_vaults_omnibox, serial_shops, shop, uniq_nikola
Vaults:3: vaults_room_pools, minmay_crypt_entry_necro_gods, vaults_room_pool,
          hangedman_vaults_stitches, vaults_room_door_hall,
          nicolae_vaults_inception_statues, hangedman_vaults_slither,
          vaults_dpeg_diagonal, v_misc_18, dpeg_vaults_monster_box,
          nicolae_vaults_theta, layout_vaults_chaotic_city, serial_shops,
          nicolae_shop_waterfront, uniq_mara
Vaults:4: vaults_dpeg_cross, v_misc_2, v_misc_11,
          nicolae_vaults_windows_and_doors_thing, hangedman_vaults_pinch,
          ontoclasm_vaults_spin, v_alt_pattern_1, grunt_tower_of_power,
          v_misc_9, vaults_room_semicircle, vaults_room_hallway,
          nicolae_vaults_angled_halls, layout_vaults_ring, serial_shops,
          bzr_entry_safe
Vaults:5
Crypt:1:  layout_gridlike, serial_sigils_hangedman_confine
Crypt:2:  gammafunk_sealed_library, layout_gridlike, minivault_27,
          tombwall_bobbens, uniq_xtahua, uniq_margery
Depths:1: layout_gridlike, hell_entry, lemuel_statue_altar, grunt_ministairs_13,
          minmay_holes, abandoned_shop, lightli_gold_pyramid, minmay_shop_grove
Depths:2: grunt_runaround [grunt_runaround_doors_1, grunt_runaround_doors_2,
          grunt_runaround_doors_3, grunt_runaround_doors_4,
          grunt_runaround_loot], serial_shops, hell_entry
Depths:3: minmay_the_grid_triangle_9x9_rhombus_full
          [minmay_the_grid_triangle_9x9_sparse_checkered,
          minmay_the_grid_triangle_9x9_zippers_vertical,
          minmay_the_grid_triangle_9x9_thin_v,
          minmay_the_grid_triangle_9x9_zippers_horizontal,
          minmay_the_grid_triangle_9x9_semitri,
          minmay_the_grid_triangle_9x9_negative_grid,
          minmay_the_grid_triangle_9x9_dagger,
          minmay_the_grid_triangle_9x9_prize_special], layout_gridlike,
          enter_ziggurat_d, serial_shops, nicolae_shop_behind_doors, hell_entry,
          abyss_entry_small_statue_room, gammafunk_ghost_icy, serial_glass,
          glass_columns_c, glass_columns_a, item_on_display_a,
          item_on_display_a, minmay_strange_pillars, unseen_surprise_small,
          rand_demon_pan_entry_1, minmay_staircase_bubble, uniq_asterion
Depths:4: minmay_tri_box, layout_long_grid, hellmouth_1,
          grunt_pan_entry_in_and_out, abyss_entry, nemelex_spade_bored_becter,
          grunt_ministairs_9, due_unseen_surprise, infiniplex_staircase_river,
          firewood_loft
Depths:5: evilmike_zot_entry_basic, layout_gridville,
          hangedman_abyss_or_decor_jellyfish_corner, hangedman_coc_ice_floe,
          minmay_misc_feat_room
Hell
Zot:1:    layout_misc_corridors
Zot:2:    layout_misc_corridors, grunt_ministairs_14
Zot:3:    layout_concentric_octagons, st_large_dragon_hoard_2
Zot:4:    layout_basic, lemuel_elevator
Zot:5:    layout_basic, st_stairs_14

Skill      XL: |  1  2  3  4  5  6  7  8  9 10 11 12 13 14 15 16 17 18 19 20 21 22 23 24 25 26 27 |
---------------+----------------------------------------------------------------------------------+-----
Ice Magic      | 4 5 6 7 9 10 12 13 14 15 17 18 19 20 22 24 25 26 | 26.0
Fighting       | 1 4 7 10 11 12 13 18 | 18.7
Shields        | 1 2 3 4 6 7 8 10 14 15 | 15.1
Spellcasting   | 4 5 6 7 8 10 11 12 13 14 | 14.0
Dodging        | 3 5 6 |  6.0
Maces & Flails | 2 |  2.2
Evocations     | 2 5 |  5.0
Stealth        | 7 |  7.1
Axes           | 1 2 15 19 | 19.0
Transmutations | 4 9 10 | 10.7
Earth Magic    | 4 9 10 | 10.0
Armour         | 4 7 11 | 11.0
Staves         | 1 6 9 |  9.0
Necromancy     | 3 8 9 |  9.4

Action                   |  1- 3 |  4- 6 |  7- 9 | 10-12 | 13-15 | 16-18 | 19-21 | 22-24 | 25-27 || total
-------------------------+-------+-------+-------+-------+-------+-------+-------+-------+-------++-------
Melee: Unarmed           |    14 |       |       |       |       |       |       |       |       ||    14
       Short sword       |    86 |    73 |   240 |       |       |       |       |       |       ||   399
       Flail             |       |       |   118 |   343 |   607 |       |       |       |       ||  1068
       Staff             |       |       |       |       |     5 |   504 |   771 |   729 |       ||  2009
       Kick              |       |       |       |       |       |    15 |       |    12 |       ||    27
       Broad axe         |       |       |       |       |       |       |       |   184 |   652 ||   836
Throw: Dart              |       |       |     1 |     1 |     1 |       |       |       |       ||     3
 Cast: Freeze            |    43 |    43 |    37 |    71 |       |       |       |       |       ||   194
       Frozen Ramparts   |       |     7 |    43 |    65 |    79 |    33 |    36 |    17 |     4 ||   284
       Ozocubu's Armour  |       |       |    41 |    45 |    64 |    26 |    48 |    47 |    37 ||   308
       Ozocubu's Refrige |       |       |       |    32 |   265 |   429 |   407 |   401 |   210 ||  1744
       Statue Form       |       |       |       |       |       |     1 |       |     1 |       ||     2
       Dispel Undead     |       |       |       |       |       |       |       |   224 |    26 ||   250
       Absolute Zero     |       |       |       |       |       |       |       |       |     5 ||     5
       Blink             |       |       |       |       |       |       |       |       |     1 ||     1
Evoke: Wand              |       |    11 |    14 |     2 |    16 |     4 |     8 |    19 |       ||    74
       Condenser vane    |       |       |       |       |       |       |     1 |     1 |       ||     2
  Use: Potion            |       |     2 |     3 |    10 |     6 |       |     6 |    10 |    17 ||    54
       Scroll            |       |       |     9 |     7 |    14 |     5 |    11 |    14 |    11 ||    71
 Stab: Sleeping          |     4 |     1 |     4 |       |       |     3 |     1 |     2 |     1 ||    16
       Distracted        |       |       |       |       |     1 |       |       |       |       ||     1
Armor: Robe              |    36 |    33 |   186 |    21 |       |       |       |       |       ||   276
       Troll leather arm |       |       |       |   227 |   266 |       |       |       |       ||   493
       Pearl dragon scal |       |       |       |       |   145 |   251 |   371 |   580 |   355 ||  1702
       Skin              |       |       |       |       |       |     2 |       |    22 |       ||    24
Dodge: Dodged            |    79 |    61 |   303 |   384 |   532 |   237 |   263 |   467 |   276 ||  2602
Block: Buckler           |    12 |    25 |   147 |   215 |   304 |   181 |   195 |   301 |       ||  1380
       Kite shield       |       |       |       |       |       |       |       |   106 |   451 ||   557

Table legend: (Time is in decaauts)
 A = Elapsed time spent in this place.
 B = Non-inter-level travel time spent in this place.
 C = Inter-level travel time spent in this place.
 D = Time resting spent in this place.
 E = Time spent auto-exploring this place.
 F = Levels seen in this place.
 G = Mean time per level.
                   A        B        C        D        E       F      G
               +--------+--------+--------+--------+--------+-----+--------+
         Total |  98070 |  92783 |   5287 |  20693 |  55081 |  57 | 1720.5 |
       Dungeon |  21592 |  19928 |   1664 |   2060 |  14213 |  15 | 1439.5 |
          Lair |   9535 |   9007 |    528 |   1693 |   5253 |   6 | 1589.2 |
        Shoals |   6040 |   5795 |    245 |   1414 |   3414 |   4 | 1510.0 |
     Snake Pit |   6866 |   6674 |    192 |   1548 |   4167 |   4 | 1716.5 |
  Orcish Mines |   2021 |   1861 |    160 |      0 |   1331 |   2 | 1010.5 |
   Elven Halls |   7570 |   7399 |    171 |   2570 |   3694 |   3 | 2523.3 |
        Vaults |  16623 |  15300 |   1323 |   5097 |   7826 |   5 | 3324.6 |
         Crypt |   3419 |   3224 |    195 |    618 |   2061 |   2 | 1709.5 |
        Depths |  13158 |  12616 |    542 |   2611 |   8259 |   5 | 2631.6 |
          Hell |     85 |     85 |      0 |     13 |      0 |   1 |   85.0 |
           Zot |   7954 |   7689 |    265 |   2334 |   3642 |   5 | 1590.8 |
        Bazaar |    216 |    216 |      0 |      0 |    103 |   1 |  216.0 |
         Sewer |    616 |    616 |      0 |     91 |    256 |   1 |  616.0 |
      Ice Cave |   1566 |   1566 |      0 |    589 |    628 |   1 | 1566.0 |
       Volcano |    206 |    206 |      0 |     12 |      0 |   1 |  206.0 |
      Gauntlet |    596 |    596 |      0 |     40 |    229 |   1 |  596.0 |
               +--------+--------+--------+--------+--------+-----+--------+

Top non-repeatable levels by time:
Vaults:4: 5316 daAuts
Depths:3: 3554 daAuts
Depths:2: 3551 daAuts
Vaults:5: 3511 daAuts
   Zot:5: 3175 daAuts
Vaults:2: 2933 daAuts
Depths:4: 2823 daAuts
   Elf:3: 2744 daAuts
Vaults:3: 2711 daAuts
   Elf:1: 2628 daAuts
 Snake:4: 2463 daAuts
     D:4: 2352 daAuts
 Crypt:2: 2342 daAuts
   Elf:2: 2197 daAuts
Vaults:1: 2151 daAuts
